 Dungeon Crawl Stone Soup version 0.30-a0-782-ge64f9170bb (webtiles) character file.

Game seed: 4881320898978807096

1292 senseless the Spear-Bearer (level 9, -1/74 HPs)
             Began as a Meteoran Fighter on Feb 23, 2023.
             Slain by an ufetubus (3 damage)
             ... on level 7 of the Dungeon.
             The game lasted 00:10:44 (3519 turns).

senseless the Spear-Bearer (Meteoran Fighter)       Turns: 3519, Time: 00:10:44

Health: -1/74      AC:  3    Str: 22    XL:     9   Next: 11%
Magic:  10/10      EV: 11    Int: 11    God:
Gold:   336        SH:  5    Dex: 13    Spells: 8/8 levels left

rFire   . . .      SeeInvis .    a - +0 trident
rCold   . . .      Faith    .    c - +0 buckler
rNeg    . . .      Spirit   .    (no body armour)
rPois   .          Reflect  .    (no helmet)
rElec   .          Harm     .    (no cloak)
rCorr   .          Rampage  .    f - +1 pair of gloves
Will    +....                    m - +0 pair of boots
Stlth   +                        (no amulet)
HPRegen 0.32/turn                (no ring)
MPRegen 0.12/turn                (no ring)

@: marked, glowing
A: sense surroundings 2, otherworldly, glowing, explore regen
a: no special abilities


You were on level 7 of the Dungeon.
You visited 1 branch of the dungeon, and saw 7 of its levels.

You collected 336 gold pieces.

Inventory:

Hand Weapons
 a - a +0 trident (weapon)
 b - a +3 dagger
 t - a +3 dagger of flaming
Armour
 c - a +0 buckler (worn)
 e - a +0 plate armour
 f - a +1 pair of gloves (worn)
 m - a +0 pair of boots (worn)
 G - the +1 chain mail of Panentheism {Rampage rF- Int+5}
   (You found it on level 6 of the Dungeon)

   Int:       It affects your intelligence (+5).
   rF:        It makes you vulnerable to fire.
   Rampage:   It bestows one free step when moving towards enemies.
Jewellery
 y - a ring of wizardry
Wands
 d - a wand of flame (48)
 A - a wand of quicksilver (3)
 E - a wand of digging (1)
Scrolls
 g - 5 scrolls of identify {unknown}
 i - 3 scrolls of fear {unknown}
 j - a scroll of poison {unknown}
 k - a scroll of teleportation {unknown}
 l - 2 scrolls of magic mapping {unknown}
 n - 2 scrolls of amnesia {unknown}
 p - a scroll of enchant armour {unknown}
 q - a scroll of brand weapon {unknown}
 s - a scroll of blinking {unknown}
 C - a scroll of silence {unknown}
Potions
 h - 3 potions of heal wounds {unknown}
 o - 2 potions of attraction {unknown}
 r - a potion of brilliance {unknown}
 u - 3 potions of curing
 v - a potion of haste {unknown}
 w - a potion of ambrosia {unknown}
 x - 2 potions of degeneration {unknown}
 z - a potion of mutation {unknown}
 B - a potion of berserk rage {unknown}
 D - a potion of cancellation {unknown}
 F - a potion of flight {unknown}


   Skills:
 + Level 5.3 Fighting
 + Level 8.6 Polearms
 + Level 7.3 Armour
 + Level 1.3 Dodging
 + Level 0.1 Stealth
 + Level 5.1 Shields


You had 8 spell levels left.
You didn't know any spells.
Your spell library contained the following spells:

 Spells                   Type           Power      Damage    Failure   Level
 Slow                     Hex            0%         N/A       41%         1
 Ensorcelled Hibernation  Hex/Ice        0%         N/A       56%         2
 Confusing Touch          Hex            0%         N/A       80%         3
 Spider Form              Tmut/Pois      0%         N/A       80%         3
 Vampiric Draining        Necr           0%         2d6       80%         3
 Anguish                  Hex/Necr       0%         N/A       99%         4


Dungeon Overview and Level Annotations

Branches:
Dungeon (7/15) Zot: 651
 Temple: D:4-7

Altars:
Cheibriados
Dithmenos
Elyvilon
Gozag
Kikubaaqudgha
Qazlal
Sif Muna
Uskayaw
Vehumet
Xom
Zin

Shops:
D:2 [

Annotations:
D:3 2 transporters


Innate Abilities, Weirdness & Mutations

You passively map the area around you.
You are easily found by Zot.
You glow in the dark.
You regain HP and MP as you explore.


Message History

You hit the water moccasin.
The water moccasin is moderately wounded.
You feel sick. You block the water moccasin's attack.
The water moccasin barely misses you.
You puncture the water moccasin!
The water moccasin is heavily wounded.
You feel sick. The water moccasin bites you.
* * * LOW HITPOINT WARNING * * *
You hit the water moccasin.
The water moccasin is severely wounded.
You feel sick.
The water moccasin bites you but does no damage.
You puncture the water moccasin!
The water moccasin is almost dead.
You feel sick. The water moccasin bites you!
* * * LOW HITPOINT WARNING * * *
You are lethally poisoned!
The water moccasin poisons you!
You closely miss the water moccasin.
The water moccasin is almost dead.
* * * LOW HITPOINT WARNING * * *
You feel very sick. The water moccasin bites you.
* * * LOW HITPOINT WARNING * * *
You feel better. The water moccasin closely misses you.
You block the water moccasin's attack.
You closely miss the water moccasin.
The water moccasin is almost dead.
The ufetubus hits you.
* * * LOW HITPOINT WARNING * * *
The ufetubus hits you.
* * * LOW HITPOINT WARNING * * *
The water moccasin closely misses you. You block the ufetubus's attack.
The ufetubus barely misses you.
You miss the water moccasin.
The water moccasin is almost dead.
The water moccasin bites you.
* * * LOW HITPOINT WARNING * * *
The ufetubus hits you.
You die...

##..##.#.....,
*,
#...#........
,
#....<.......
,, *,
#............
**
###..........
* #.....#.....
,,
##.....#.....
,
#..........#.
, ,
##.5@......#
*,*,
#.S#####....
#.5>..##.... ,
##.......... ,
#.....##~#.,
#...#S#~~ ,
##..#≈~≈ ~ ,,
#.## #5≈ , .5#
~≈≈≈≈ ,


You could see a water moccasin, a white imp and an ufetubus.

Vanquished Creatures
  A troll (D:6)
  Sigmund (D:5)
  An ice beast (D:5)
  An ogre (D:5)
  2 phantoms (D:4)
  A scorpion (D:5)
  2 necrophages (D:6)
  3 hounds (D:6)
  A jelly (D:5)
  Ijyb (D:5)
  4 iguanas
  An orc wizard (D:3)
  A gnoll (D:5)
  5 adders
  A shadow imp (D:6)
  An ufetubus (D:5)
  A worm (D:2)
  3 dart slugs (D:2)
  10 orcs
  5 endoplasms
  8 giant cockroaches
  5 hobgoblins
  A quokka (D:3)
  2 bats
  3 frilled lizards
  9 goblins
  7 kobolds
  4 rats
85 creatures vanquished.

Vanquished Creatures (others)
  2 plants (D:1)
2 creatures vanquished.

Grand Total: 87 creatures vanquished

Notes
Turn   | Place    | Note
-------+----------+-------------------------------------------
     0 | D:1      | senseless the Meteoran Fighter began the quest for the Orb.
     0 | D:1      | Reached XP level 1. HP: 19/19 MP: 2/2
   247 | D:1      | Reached XP level 2. HP: 26/26 MP: 3/3
   371 | D:1      | Reached XP level 3. HP: 31/31 MP: 4/4
   450 | D:1      | Found a faded altar of an unknown god.
   487 | D:1      | Glimpsed the power of Zot.
   558 | D:2      | Found Behita Kemui's Antique Armour Shoppe.
   563 | D:2      | Reached skill level 3 in Polearms
   623 | D:2      | Reached XP level 4. HP: 40/40 MP: 5/5
  1078 | D:2      | Glimpsed the power of Zot.
  1206 | D:3      | Found an ancient bone altar of Kikubaaqudgha.
  1209 | D:3      | Found a white marble altar of Elyvilon.
  1235 | D:3      | Reached skill level 4 in Polearms
  1235 | D:3      | Reached XP level 5. HP: 40/46 MP: 6/6
  1291 | D:3      | Found a hide-covered altar of Uskayaw.
  1476 | D:3      | Found a snail-covered altar of Cheibriados.
  1476 | D:3      | Noticed a bullfrog
  1477 | D:3      | Noticed a necrophage
  1478 | D:3      | Found a radiant altar of Vehumet.
  1480 | D:3      | Found a transporter.
  1489 | D:3      | Found a transporter.
  1903 | D:4      | Noticed a phantom
  1932 | D:4      | Killed a phantom
  1933 | D:4      | Reached skill level 5 in Armour
  1933 | D:4      | Reached XP level 6. HP: 24/52 MP: 7/7
  2051 | D:4      | Reached skill level 5 in Polearms
  2184 | D:4      | Reached XP level 7. HP: 51/59 MP: 8/8
  2265 | D:4      | Glimpsed the power of Zot.
  2315 | D:5      | Entered Level 5 of the Dungeon
  2343 | D:5      | Reached skill level 6 in Polearms
  2343 | D:5      | Reached skill level 1 in Dodging
  2363 | D:5      | Noticed Ijyb
  2375 | D:5      | Killed Ijyb
  2463 | D:5      | Reached XP level 8. HP: 61/67 MP: 9/9
  2565 | D:5      | Noticed Sigmund
  2586 | D:5      | Killed Sigmund
  2587 | D:5      | Reached skill level 7 in Polearms
  2796 | D:5      | Found a shadowy altar of Dithmenos.
  2811 | D:5      | Found a stormy altar of Qazlal.
  2864 | D:5      | Glimpsed the power of Zot.
  2915 | D:6      | Found a shimmering blue altar of Sif Muna.
  2915 | D:6      | Found a shimmering altar of Xom.
  3168 | D:6      | Reached skill level 8 in Polearms
  3174 | D:6      | Reached skill level 5 in Fighting
  3343 | D:6      | Found an opulent altar of Gozag.
  3386 | D:6      | Found a glowing silver altar of Zin.
  3448 | D:6      | Noticed a troll
  3460 | D:6      | Killed a troll
  3461 | D:6      | Reached skill level 5 in Shields
  3461 | D:6      | Gained mutation: You passively map the area around you.
                  | [Meteoran growth]
  3461 | D:6      | Reached XP level 9. HP: 27/74 MP: 10/10
  3463 | D:6      | Identified the +1 chain mail of Panentheism {Rampage rF-
                  | Int+5}
  3469 | D:6      | Glimpsed the power of Zot.
  3516 | D:7      | HP: 1/74 [water moccasin (5)]
  3519 | D:7      | Slain by an ufetubus

Illustrated notes

Levels and vault maps discovered:
D:1:      erik_arrival_triangle_medium, layout_loops_ring,
          hellmonk_ecumenical_altar_pennies_from_heaven, serial_bayou_pond_e,
          serial_bayou_pond_c, minmay_worlds_worst_comb
D:2:      layout_loops_ring, serial_shops,
          nicolae_shop_temple_entry_statues_fountains, serial_glass,
          glass_columns_a, glass_columns_c, glass_columns_a, item_on_display_a
D:3:      layout_basic, kiku_gazebo_garden_becter, nicolae_uskayaw_suspiria,
          lemuel_round_altar, gammafunk_temple_overflow_arena, serial_glass,
          glass_columns_b, glass_columns_a, glass_columns_b, glass_columns_a,
          glass_columns_b, glass_columns_c
D:4:      layout_basic, serial_bayou_pond_a
D:5:      layout_cave_pods, mainiacjoe_overflow_alcove_4,
          grunt_dithmenos_smoke_and_mirrors, eino_small_chamber_without_monster,
          sigmund_army, uniq_ijyb
D:6:      layout_basic, pdpol_temple_overflow_zin_treasury_gozag_greed,
          mainiacjoe_overflow_divided_tiny, minmay_microvault
D:7:      layout_cave_pools, nicolae_ru_awakened_eye, fedhas_altar_2,
          minmay_temple_entry_stoned_glass, minivault_4

Skill      XL: |  1  2  3  4  5  6  7  8 |
---------------+-------------------------+-----
Shields        | 4 5 |  5.1
Armour         | 4 5 6 7 |  7.3
Polearms       | 3 4 5 6 8 |  8.6
Fighting       | 4 5 |  5.3
Dodging        | 1 |  1.3
Stealth        | |  0.1

Action                     |  1- 3 |  4- 6 |  7- 9 || total
---------------------------+-------+-------+-------++-------
  Melee: Trident           |    77 |   145 |   157 ||   379
    Use: Potion            |       |       |     3 ||     3
 Armour: Plate armour      |    40 |    78 |    80 ||   198
         Skin              |       |       |     2 ||     2
  Dodge: Dodged            |     9 |    25 |    53 ||    87
  Block: Buckler           |     8 |    20 |    34 ||    62

Table legend: (Time is in decaauts)
 A = Elapsed time spent in this place.
 B = Non-inter-level travel time spent in this place.
 C = Inter-level travel time spent in this place.
 D = Time resting spent in this place.
 E = Time spent auto-exploring this place.
 F = Levels seen in this place.
 G = Mean time per level.
                   A        B        C        D        E       F      G
               +--------+--------+--------+--------+--------+-----+--------+
         Total |   3548 |   3356 |    192 |      0 |   2570 |   7 |  506.9 |
       Dungeon |   3548 |   3356 |    192 |      0 |   2570 |   7 |  506.9 |
               +--------+--------+--------+--------+--------+-----+--------+

Top non-repeatable levels by time:
     D:4: 692 daAuts
     D:6: 589 daAuts
     D:5: 583 daAuts
     D:2: 579 daAuts
     D:3: 550 daAuts
     D:1: 527 daAuts
     D:7: 24 daAuts
